 Dungeon Crawl Stone Soup version 0.31-a0-202-g547052bce9 (webtiles) character file.

Game seed: 15813158473010507177

31 qw the Shooter (level 3, -1/20 HPs)
             Began as a Deep Elf Hunter on June 26, 2023.
             Killed from afar by Sigmund (9 damage)
             ... with a magic dart
             ... on level 2 of the Dungeon.
             The game lasted 00:00:18 (883 turns).

qw the Shooter (Deep Elf Hunter)                     Turns: 883, Time: 00:00:18

Health: -1/20      AC:  5    Str: 10    XL:     3   Next: 7%
Magic:  5/5        EV: 11    Int: 13    God:
Gold:   82         SH:  4    Dex: 18    Spells: 2/2 levels left

rFire   . . .        Y - +0 shortbow
rCold   . . .        (shield currently unavailable)
rNeg    . . .        f - +0 ring mail
rPois   .            (no helmet)
rElec   .            (no cloak)
rCorr   .            (no gloves)
SInv    .            (no boots)
Will    .....        (no amulet)
Stlth   +            (no ring)
HPRegen 0.23/turn    (no ring)
MPRegen 0.09/turn

%: no passive effects
@: no status effects
A: large bone plates 1, teleportitis 1, wild magic 1
a: no special abilities


You were on level 2 of the Dungeon.
You visited 1 branch of the dungeon, and saw 2 of its levels.

You collected 82 gold pieces.


Innate Abilities, Weirdness & Mutations

You are partially covered in large bone plates. (SH +4)
You are occasionally teleported next to monsters.
Your spells are a little harder to cast, but a little more powerful.


   Skills:
 - Level 1.5 Fighting
 + Level 6.7 Ranged Weapons
 - Level 2.4 Dodging
 - Level 1.2 Stealth


You had 2 spell levels left.
You didn't know any spells.
Your spell library was empty.

Inventory:

Hand Weapons
 Y - a +0 shortbow (weapon)
Armour
 f - a +0 ring mail (worn)
Potions
 a - a potion of enlightenment {unknown}
 d - a potion of curing {unknown}

Dungeon Overview and Level Annotations

Branches:
Dungeon (2/15)

Altars:

Annotations:
D:2 Sigmund


Message History

You feel stronger. x2
A kobold comes into view. It is wielding a +0 whip.
Enter note: You shoot an arrow.
The kobold shouts!
The arrow hits the kobold.
The kobold is heavily wounded.
A goblin comes into view. It is wielding a +0 dagger.
You shoot an arrow.
Sigmund shouts!
The goblin shouts!
The arrow hits the kobold!
You kill the kobold!
Sigmund gestures at you while chanting. The puff of flame misses you.
You shoot an arrow. The arrow hits the goblin!
You kill the goblin!
You shoot an arrow. The arrow closely misses Sigmund.
You shoot an arrow.
The arrow hits Sigmund but does no damage.
You shoot an arrow. The arrow barely misses Sigmund.
You shoot an arrow. The arrow hits Sigmund.
Sigmund is lightly wounded.
Sigmund hits you from afar with a +0 scythe.
You shoot an arrow. The arrow hits Sigmund!
Sigmund is moderately wounded.
Sigmund hits you from afar with a +0 scythe.
You shoot an arrow. The arrow closely misses Sigmund.
Sigmund hits you from afar with a +0 scythe.
Enter note:
882 ||| DRINKING 2 bubbling coppery potions.
It was a potion of mutation.
You feel extremely strange.
You feel vulnerable to cold.
You feel resistant to poisons.
You feel less in control of your magic.
883 ||| DRINKING potion of mutation.
You feel extremely strange.
You feel less resistant to poisons.
You no longer feel vulnerable to cold.
You feel weirdly uncertain.
Large bone plates grow over parts of your arms.
Sigmund gestures at you while chanting. The magic dart hits you!
You die...

#####.######### ...
#.............# .)..
#.............# ..).
#.............####
...........(............
....)######.############
.....@#####.#
#...).....# #.@#####
##..).# ####.# #.####
#....# #### ####.###
#... #...### #.##
###...# #.# ###.###.#


You could see Sigmund.

Vanquished Creatures
  A dart slug (D:1)
  3 ball pythons
  3 endoplasms
  A giant cockroach (D:1)
  5 goblins
  2 hobgoblins (D:1)
  4 bats (D:1)
  A frilled lizard (D:1)
  4 kobolds
  2 rats (D:1)
26 creatures vanquished.

Notes
Turn   | Place    | Note
-------+----------+-------------------------------------------
     0 | D:1      | qw the Deep Elf Hunter began the quest for the Orb.
     0 | D:1      | Reached XP level 1. HP: 12/12 MP: 3/3
     0 | D:1      | 0 ||| qw: Version: 0.3-a-22-g0ed2b0b
     0 | D:1      | 0 ||| qw: Game counter: 5753
     0 | D:1      | 0 ||| qw: Melee chars always use a shield: true
     0 | D:1      | 0 ||| qw: God list: Okawaru
     0 | D:1      | 0 ||| qw: Allow faded altars: false
     0 | D:1      | 0 ||| qw: Do Orc after clearing Dungeon:15 true
     0 | D:1      | 0 ||| qw: Do second Lair branch before Depths: true
     0 | D:1      | 0 ||| qw: Lair rune preference: random
     0 | D:1      | 0 ||| qw: Goals: Normal
     0 | D:1      | 0 ||| PLANNING D:1-11
   194 | D:1      | Reached XP level 2. HP: 15/16 MP: 4/4
   228 | D:1      | Reached skill level 6 in Ranged Weapons
   655 | D:1      | 655 ||| UPGRADING to +0 scale mail.
   665 | D:1      | 665 ||| DROPPING +0 leather armour.
   666 | D:1      | 666 ||| UPGRADING to +0 ring mail.
   676 | D:1      | 676 ||| DROPPING +0 scale mail.
   677 | D:1      | 677 ||| READING scroll labelled TOMMOM TO MAPY.
   680 | D:1      | 680 ||| READING scroll labelled DENAIB ERRAOLYRCHE.
   681 | D:1      | 681 ||| DROPPING scroll of butterflies.
   862 | D:2      | Noticed Sigmund
   871 | D:2      | Reached XP level 3. HP: 20/20 MP: 5/5
   882 | D:2      | 882 ||| DRINKING 2 bubbling coppery potions.
   882 | D:2      | Gained mutation: You are vulnerable to cold. (rC-) [potion
                  | of mutation]
   882 | D:2      | Gained mutation: Your system is resistant to poisons.
                  | (rPois) [potion of mutation]
   882 | D:2      | Gained mutation: Your spells are a little harder to cast,
                  | but a little more powerful. [potion of mutation]
   883 | D:2      | 883 ||| DRINKING potion of mutation.
   883 | D:2      | Lost mutation: Your system is resistant to poisons. (rPois)
                  | [potion of mutation]
   883 | D:2      | Lost mutation: You are vulnerable to cold. (rC-) [potion of
                  | mutation]
   883 | D:2      | Gained mutation: You are occasionally teleported next to
                  | monsters. [potion of mutation]
   883 | D:2      | Gained mutation: You are partially covered in large bone
                  | plates. (SH +4) [potion of mutation]
   883 | D:2      | Killed from afar by Sigmund

Levels and vault maps discovered:
D:1:      dpeg_arrival_simpleton_a, layout_loops_cross
D:2:      layout_basic, minmay_pentomino_s2, uniq_sigmund

Skill      XL: |  1  2 |
---------------+-------+-----
Ranged Weapons | 6 |  6.7
Fighting       | |  1.5
Dodging        | |  2.4
Stealth        | |  1.2

Action                     || total
---------------------------++-------
   Fire: Shortbow          ||    56
    Use: Scroll            ||     2
         Potion            ||     2
 Armour: Leather armour    ||     5
  Dodge: Dodged            ||    11

Table legend:
 A = Non-vault XP
 B = Vault XP
 C = Vault XP percentage of total XP
 D = Non-vault monster count
 E = Vault monster count
 F = Vault count percentage of total count
                 A         B        C        D         E       F
            +---------+---------+-------+---------+---------+-------
      Total |      45 |       0 |   0.0 |      26 |       0 |   0.0
            +---------+---------+-------+---------+---------+-------
        D:1 |      30 |       0 |   0.0 |      18 |       0 |   0.0
        D:2 |      15 |       0 |   0.0 |       8 |       0 |   0.0
            +---------+---------+-------+---------+---------+-------
